Zazza, neutral female human Tourist ----- --.|.--- ----- |......| --.|.-- --.....--- -- |.....| ----.......| |.- --....-- --......^...-- ..---- |.....| ---- ---- |...[........| -...-- ----- -->...| |..-- |..| |-..........-- |-...-- |...-------------....---...------..--- |......--...| |.....| |................[............--.....| ---------....----..-------.--..| |..---.-------[......[...............| --.|.--.....--- --...[......|---- ---- |..---..........)[.).[)^.......-- |.........--- ---....-------- |.....*..^.......).(..)<.[....------.......--- --.......-- |-.....................................^..-- |.........--- |..........--.|.--......^.........---...--- --..........| --.-----...|-------.....u.--.......||.--- ----..........| --- |....-| |..q...-----.--.--|.---- --....|......--- ---..^..| --.@...-- ------ |....-- |....---...--- |......-- |......| --....| |....| |..-- |..----- |..--.-- ---.-- --.|.| ---- ---- ------- --- ----- Zazza the Excursionist Experience level: 9 Strength: 17 Dexterity: 14 Constitution: 18 Intelligence: 13 Wisdom: 10 Charisma: 18 Health: 0(94) Energy: 34(34) Def: 11 Gold: 0 Moves: 19803 Dungeon seed: asmG2o6aJvUmWFmn Game ID: Zazza_1574934217 Your Inventory: Amulets Z - an uncursed amulet of reflection (being worn) Weapons D - a blessed +1 elven dagger F - 5 +0 daggers J - 4 +0 elven daggers O - 5 blessed +0 daggers (in quiver) Armor h - an uncursed +0 elven cloak (being worn) r - an uncursed +0 dwarvish mithril-coat (being worn) y - a blessed +1 orcish helm (being worn) A - an uncursed +0 pair of jumping boots (being worn) N - an uncursed +0 pair of leather gloves (being worn) Comestibles G - an uncursed food ration Potions K - a cursed potion of full healing Rings b - an uncursed ring of conflict w - an uncursed +3 ring of increase accuracy x - an uncursed ring of see invisible z - an uncursed ring of warning (on right hand) B - an uncursed +1 ring of protection H - a blessed +1 ring of gain constitution I - an uncursed ring of free action (on left hand) M - an uncursed ring of levitation R - an uncursed ring of teleport control Wands f - a wand of fire (0:3) l - a wand of sleep (0:3) C - a wand of digging (0:6) V - a wand of cold (0:4) Tools k - an uncursed skeleton key u - a +4 unicorn horn named +4/5 (weapon in hands) L - an uncursed mirror Spells and supernatural/magical abilities: Name Level Category Fail Memory W - pray for help -- divine ? -- Y - supernatural jump -- ability ? -- Your skills at the end: Fighting Skills bare handed combat [Basic] Weapon Skills dagger [Expert] dart [Basic] unicorn horn [Basic] Spellcasting Skills Final Attributes: You were piously aligned. You were fire resistant. You were cold resistant. You were sleep resistant. You were poison resistant. You were telepathic. You were warned. You were stealthy. You could jump. You were fast. You had reflection. You had free action. You are dead. Vanquished creatures: 2 giant mimics a large mimic a winter wolf 3 small mimics a gelatinous cube an elf mummy a human mummy 2 red nagas a crocodile a giant beetle 3 quivering blobs a cockatrice 5 wolves a panther a spotted jelly 8 leprechauns an orc-captain 2 iron piercers a giant spider an ice vortex a forest centaur 4 gnome kings an orc mummy a dwarf mummy 4 ogres an owlbear a werewolf 5 Green-elves a dingo a housecat 2 jaguars 2 dwarf lords 2 blue jellies a white unicorn 2 plains centaurs a gnome mummy a snake 4 apes 4 human zombies 2 rope golems 2 soldier ants a fire ant 3 bugbears an imp a quasit 3 water nymphs a mountain nymph 15 Uruk-hai 2 rock piercers 2 ponies 2 fog clouds a yellow light 2 shriekers 8 violet fungi 11 gnome lords 7 gnomish wizards 3 kobold mummies 2 red naga hatchlings a gray ooze a barrow wight 3 elf zombies 3 ghouls a straw golem a paper golem 6 giant ants 2 little dogs 5 floating eyes 19 dwarves a kobold lord 3 kobold shamans 19 hill orcs 5 rothes 2 rabid rats 2 centipedes 2 giant bats a monkey 7 dwarf zombies 2 wererats 2 werejackals 5 iguanas 2 killer bees an acid blob 3 coyotes 6 gas spores 7 hobbits 6 manes 7 hobgoblins 9 giant rats 14 cave spiders 7 yellow molds 2 green molds 3 red molds 66 gnomes 5 garter snakes 3 gnome zombies 5 geckos 26 jackals 5 foxes 4 kobolds 9 goblins 13 sewer rats 18 grid bugs 4 bats 12 lichens 4 kobold zombies 11 newts 491 creatures vanquished. Voluntary challenges: You used a wielded weapon 822 times, starting on turn 1651. You read items or engraved 44 times, starting on turn 585. You never genocided any monsters. You never polymorphed an object. You changed form 1 time, starting on turn 19095. You used no wishes. You never split a pudding. You wrote Elbereth's name 20 times, starting on turn 588. You violated your moral code, losing 58 points of alignment, starting on turn 10987. Dungeon overview: The Dungeons of Doom: levels 1 to 8 Level 1 a fountain a long staircase Level 2 a jewelry store, a fountain stairs to The Gnomish Mines Level 3 an armor shop Level 4 (gold) a fountain Level 5 a general store, an altar to The Lady, a fountain Level 6 many fountains Level 7 some fountains stairs to Sokoban Level 8 a general store The Gnomish Mines: levels 3 to 11 Level 3 stairs to The Dungeons of Doom Level 4 Level 5 some shops, a temple to Offler, some fountains Level 6 Level 7 <- You were here Level 8 Level 9 Level 10 Level 11 Sokoban: levels 3 to 6 Level 3 Level 4 Level 5 Level 6 stairs to The Dungeons of Doom History has recorded: On T:1 you entered the Dungeons of Doom to retrieve the Amulet of Yendor! On T:343 you reached level 2 of The Dungeons of Doom. On T:682 you advanced to experience level 2. On T:724 you advanced to experience level 3. On T:885 you reached level 3 of The Dungeons of Doom. On T:2360 you advanced to experience level 4. On T:2817 you reached level 4 of The Dungeons of Doom. On T:3389 you advanced to experience level 5. On T:3499 you reached level 5 of The Dungeons of Doom. On T:4629 you reached level 6 of The Dungeons of Doom. On T:4982 you reached level 7 of The Dungeons of Doom. On T:5540 you reached level 4 of Sokoban. On T:5698 you advanced to experience level 6. On T:8166 you reached level 1 of The Gnomish Mines. On T:8842 you reached level 2 of The Gnomish Mines. On T:8879 you advanced to experience level 7. On T:9217 you reached level 3 of The Gnomish Mines. On T:9857 you reached level 4 of The Gnomish Mines. On T:10069 you reached level 5 of The Gnomish Mines. On T:10663 you advanced to experience level 8. On T:11068 you reached level 6 of The Gnomish Mines. On T:11811 you reached level 7 of The Gnomish Mines. On T:13693 you reached level 8 of The Gnomish Mines. On T:14152 you reached level 9 of The Gnomish Mines. On T:14932 you advanced to experience level 9. On T:15697 you reached level 3 of Sokoban. On T:16779 you reached level 2 of Sokoban. On T:17220 you reached level 1 of Sokoban. On T:18598 you reached level 8 of The Dungeons of Doom. Score breakdown: Gold: 0 ( 0 points) Experience: 9 levels (15756 points) Exploration: 11 levels ( 22.92%) (13837 points) Discoveries: 41 items ( 13.76%) (11127 points) Valuables value: (no points given unless you survive) Artifact value: 0 ( 0 points) Variety of kills: 106 monsters ( 27.82%) (15823 points) Turncount: 19803 turns (-3387 points) Survival: died (score multiplied by 80%) Total score: 42524 Latest messages: You hit the red naga! The red naga bites! You hit the red naga! The red naga just misses! You kill the red naga! K - a ruby potion. You see here a red naga corpse. This red naga corpse tastes terrible! You stop eating. You miss the mumak. You hit the mumak! The mumak butts! The mumak misses. You miss the mumak. You hit the mumak! The mumak butts! The mumak misses. You miss the mumak. The mumak butts! The mumak misses. You begin praying to The Lady. The mumak butts! You die... Final status: Aloha Zazza the Tourist, killed by a mumak, while praying... You died in The Gnomish Mines on dungeon level 7 with 42524 points, and 0 pieces of gold, after 19803 moves. You were level 9 with a maximum of 94 hit points when you died.